 Dungeon Crawl Stone Soup version 0.30-a0-394-g3e4acdb0ae (webtiles) character file.

Game seed: 12257291664486778620

5275 cforsyth the Cleaver (level 10, -5/95 HPs)
             Began as a Hill Orc Fighter on Dec 6, 2022.
             Was a Priest of Beogh.
             Slain by a yak (9 damage)
             ... on level 8 of the Dungeon.
             The game lasted 00:23:56 (8236 turns).

cforsyth the Cleaver (Hill Orc Fighter)             Turns: 8236, Time: 00:23:56

Health: -5/95      AC: 11    Str: 30    XL:     10   Next: 63%
Magic:  10/10      EV: 10    Int:  8    God:    Beogh [***...]
Gold:   362        SH:  4    Dex: 10    Spells: 9/9 levels left

rFire   . . .      SeeInvis .    m - +0 war axe (freeze)
rCold   . . .      Faith    .    c - +0 buckler
rNeg    . . .      Spirit   .    y - +6 leather armour of Syndicalism {rElec rCorr}
rPois   .          Reflect  .    (no helmet)
rElec   +          Harm     .    (no cloak)
rCorr   +          Rampage  .    (no gloves)
Will    .....                    g - +0 pair of boots
Stlth   +.........               (no amulet)
HPRegen 0.35/turn                i - +6 ring of strength
MPRegen 0.12/turn                (no ring)

@: no status effects
A: no striking features
a: Renounce Religion, Smiting


You were on level 8 of the Dungeon.
You worshipped Beogh.
Beogh was most pleased with you.
You visited 1 branch of the dungeon, and saw 9 of its levels.

You collected 362 gold pieces.

Inventory:

Hand Weapons
 m - a +0 war axe of freezing (weapon)
Armour
 c - a +0 buckler (worn)
 g - a +0 pair of boots (worn)
 k - the +4 plate armour "Loest" {rCorr Stlth+}
   (You found it on level 2 of the Dungeon)

   rCorr:     It protects you from acid and corrosion.
   Stlth:     It makes you more stealthy.
 y - the +6 leather armour of Syndicalism (worn) {rElec rCorr}
   (You found it on level 6 of the Dungeon)

   rElec:     It insulates you from electricity.
   rCorr:     It protects you from acid and corrosion.
Jewellery
 i - a +6 ring of strength (left hand)
Wands
 v - a wand of flame (19)
 B - a wand of paralysis (6)
Scrolls
 a - 4 scrolls of teleportation {unknown}
 b - a scroll of fear {unknown}
 f - 2 scrolls of enchant weapon {unknown}
 j - 2 scrolls of amnesia {unknown}
 n - 2 scrolls of butterflies {unknown}
 o - a scroll of identify {unknown}
 s - a scroll of enchant armour {unknown}
 t - a scroll of summoning {unknown}
 w - a scroll of immolation {unknown}
 z - a scroll of noise {unknown}
Potions
 d - a potion of might
 e - 2 potions of flight
 h - 2 potions of berserk rage
 l - 3 potions of curing
 p - a potion of mutation {unknown}
 q - 2 potions of brilliance
 u - a potion of haste {unknown}
 x - a potion of degeneration {unknown}
 A - a potion of lignification


   Skills:
 + Level 11.1 Fighting
 + Level 12.0 Axes
 + Level 10.2 Armour
 - Level 0.2 Dodging
 - Level 3.8 Shields


You had 9 spell levels left.
You didn't know any spells.
Your spell library contained the following spells:

 Spells                   Type           Power      Damage    Failure   Level
 Blink                    Tloc           0%         N/A       67%         2
 Ensorcelled Hibernation  Hex/Ice        0%         N/A       67%         2
 Passwall                 Tmut/Erth      0%         N/A       67%         2
 Swiftness                Air            0%         N/A       88%         3
 Manifold Assault         Tloc           0%         N/A       99%         4
 Storm Form               Tmut/Air       0%         N/A       100%        7


Dungeon Overview and Level Annotations

Branches:
Dungeon (9/15)             Temple (0/1) D:5            Lair (0/5) D:8
    Orc: D:9-12

Altars:
Ashenzari
Nemelex Xobeh
Sif Muna

Shops:
D:1 *

Annotations:
D:6 2 transporters, themarg's ghost, novice DrCj
D:8 3 runed translucent doors


Message History

You hit the yak but do no damage. You completely miss the yak.
You slash the yak! You freeze the yak. You slash the yak! You freeze the yak.
You block the yak's attack. The yak gores you. The yak gores you!
The yak barely misses you. You block the yak's attack.
Your orc wizard casts a spell.
Your orc wizard flickers and vanishes for a moment.
You barely miss the yak.
The yak is severely wounded.
You barely miss the yak. You hit the yak. You freeze the yak.
You slash the yak! You freeze the yak. You slash the yak! You freeze the yak.
The yak gores you! The yak gores you.
* * * LOW HITPOINT WARNING * * *
The yak barely misses you. The yak gores you.
* * * LOW HITPOINT WARNING * * *
The yak gores you!
* * * LOW HITPOINT WARNING * * *
Your orc wizard hits the yak with a +0 dagger.
Unknown command.
You slash the yak! You freeze the yak.
You kill the yak!
Beogh accepts your kill.
Your orc wizard looks more experienced.
You hit the yak. You freeze the yak. You barely miss the yak. You hit the yak.
You freeze the yak. You closely miss the yak. The yak closely misses you.
The yak barely misses you. The yak closely misses you. The yak gores you!
* * * LOW HITPOINT WARNING * * *
Your Axes skill increases to level 12!
Unknown command.
Unknown command.
You hit the yak. You freeze the yak.
You kill the yak!
Beogh accepts your kill.
You slash the yak! You freeze the yak. You slash the yak! You freeze the yak.
You slash the yak! You freeze the yak.
Your orc wizard casts a spell at the yak.
The magic dart hits the yak!
The yak gores you but does no damage. The yak gores you.
* * * LOW HITPOINT WARNING * * *
The yak gores you!
You die...

...+oDCe###.#.#
##.P.....P...
####FkKK###.#.#
#...P..P....
#####+###.#.#
###..P......
#####.###.#.##
####.##### ##. #....#
#.# #....### #.#
#......#######.#
#.†Yo..........#
####.†@†..#######.#
###....YY.### #.#
###...###...#########.#
###...#.#
##..#.........#
###...###(#
##.#.#########
###.........# #.#.#
.....######### #.#.#
.............# #.#.#
.#.#########.####.#.#


You could see 3 yaks and a friendly orc wizard (invisible).

Vanquished Creatures
  A two-headed ogre (D:8)
  A komodo dragon (D:8)
  A wyvern (D:8)
  4 yaks (D:8)
  Menkaure (D:7)
  4 water moccasins
  3 orc warriors
  5 black bears
  An ice beast (D:8)
  4 ogres
  3 centaurs
  A phantom (D:5)
  A kobold brigand (D:8)
  5 bullfrogs
  A gnoll sergeant (D:6)
  3 scorpions
  A necrophage (D:8)
  4 wights
  2 hounds
  5 orc priests
  A gnoll bouda (D:8)
  Jessica (D:2)
  4 iguanas
  11 orc wizards
  Robin (D:4)
  14 gnolls
  5 adders
  A white imp (D:5)
  An ufetubus (D:4)
  2 worms
  2 dart slugs
  23 orcs
  3 bats
  5 endoplasms
  7 giant cockroaches
  15 goblins
  4 hobgoblins
  8 jackals
  5 quokkas
  6 ball pythons
  6 frilled lizards
  4 kobolds
  5 rats
185 creatures vanquished.

Vanquished Creatures (collateral kills)
  A wight (D:8)
  An orc wizard (D:7)
  An orc (D:7)
3 creatures vanquished.

Vanquished Creatures (others)
  An orc warrior (D:8)
  2 orc wizards
  4 orcs (D:7)
  15 fungi (D:8)
  17 plants (D:8)
39 creatures vanquished.

Grand Total: 227 creatures vanquished

Notes
Turn   | Place    | Note
-------+----------+-------------------------------------------
     0 | D:1      | cforsyth the Hill Orc Fighter began the quest for the Orb.
     0 | D:1      | Reached XP level 1. HP: 19/19 MP: 1/1
    48 | D:1      | Found Jeosil's General Store.
   159 | D:1      | Reached skill level 3 in Axes
   159 | D:1      | Reached XP level 2. HP: 27/27 MP: 2/2
   497 | D:1      | Reached XP level 3. HP: 33/33 MP: 3/3
   943 | D:2      | Noticed Jessica
   951 | D:2      | Killed Jessica
   952 | D:2      | Reached skill level 4 in Axes
   952 | D:2      | Reached XP level 4. HP: 37/40 MP: 4/4
   973 | D:2      | Identified the +4 plate armour "Loest" {rCorr Stlth+}
  1413 | D:3      | Reached XP level 5. HP: 47/47 MP: 5/5
  1672 | D:3      | Reached skill level 5 in Axes
  2014 | D:4      | Became a worshipper of Beogh the Brigand
  2078 | D:4      | Noticed Robin
  2867 | D:4      | Found a broken altar of Ashenzari.
  2901 | D:4      | Reached skill level 5 in Fighting
  2966 | D:4      | Reached XP level 6. HP: 56/56 MP: 6/6
  3117 | D:4      | Killed Robin
  3120 | D:4      | Reached * piety under Beogh
  3383 | D:5      | Entered Level 5 of the Dungeon
  3411 | D:5      | Reached skill level 5 in Armour
  3442 | D:5      | Reached skill level 6 in Axes
  3655 | D:5      | Noticed a black bear
  3666 | D:5      | Killed a black bear
  3667 | D:5      | Reached XP level 7. HP: 60/62 MP: 7/7
  4066 | D:6      | Reached skill level 7 in Axes
  4082 | D:6      | Reached XP level 8. HP: 55/71 MP: 8/8
  4137 | D:5      | Reached ** piety under Beogh
  4217 | D:6      | Reached skill level 8 in Axes
  4340 | D:5      | Found a staircase to the Ecumenical Temple.
  4706 | D:6      | Reached skill level 9 in Axes
  4706 | D:6      | Reached XP level 9. HP: 82/82 MP: 9/9
  4743 | D:6      | Found a transporter.
  4743 | D:6      | Found a transporter.
  4744 | D:6      | Noticed themarg's ghost (novice DrCj)
  4757 | D:6      | Noticed a hornet
  4770 | D:6      | Noticed a queen bee
  5003 | D:6      | Identified the +6 leather armour of Syndicalism {rElec
                  | rCorr}
  5385 | D:7      | Reached *** piety under Beogh
  5706 | D:7      | Noticed Menkaure
  6187 | D:7      | HP: 4/83 [Menkaure/nerve-wracking pain (11)]
  6194 | D:7      | Killed Menkaure
  6426 | D:7      | Found a sparkling altar of Nemelex Xobeh.
  6444 | D:7      | Reached skill level 10 in Axes
  7059 | D:8      | Noticed a two-headed ogre
  7103 | D:8      | Killed a two-headed ogre
  7104 | D:8      | Reached skill level 10 in Fighting
  7104 | D:8      | Reached skill level 11 in Axes
  7104 | D:8      | Reached XP level 10. HP: 93/93 MP: 10/10
  7275 | D:8      | Reached skill level 10 in Armour
  7279 | D:8      | HP: 7/141 [poisoned by a kobold brigand]
  7280 | D:8      | HP: 2/95 [poisoned by a kobold brigand]
  7607 | D:8      | Found a staircase to the Lair.
  7757 | D:8      | Found Vadgh's Changing Room.
  7861 | D:8      | Found a shimmering blue altar of Sif Muna.
  7988 | D:8      | Found a runed translucent door.
  7988 | D:8      | Noticed an eye of devastation
  7988 | D:8      | Noticed a cyclops
  7988 | D:8      | Noticed a centaur warrior
  7989 | D:8      | Found a runed translucent door.
  7990 | D:8      | Found a runed translucent door.
  7990 | D:8      | Noticed a deep elf pyromancer
  7992 | D:8      | an eye of devastation changed into an elephant
  7992 | D:8      | Noticed an elephant (shapeshifter)
  8150 | D:8      | Noticed a lindwurm
  8236 | D:8      | Reached skill level 12 in Axes
  8236 | D:8      | HP: 4/95 [yak (4)]
  8236 | D:8      | Slain by a yak

Illustrated notes

Levels and vault maps discovered:
D:1:      saegor_arrival_simple_a, layout_basic, serial_shops, shop_statue,
          moated_statue
D:2:      layout_loops_ring, uniq_jessica
D:3:      layout_basic
D:4:      layout_basic, nicolae_ashenzari_skybound, uniq_robin
D:5:      layout_basic, minmay_temple_entry_waves
D:6:      layout_rooms, gammafunk_ghost_hive
D:7:      layout_loops_ring, nemelex_dance_club_becter, uniq_menkaure
D:8:      minmay_the_grid_triangle_9x9_rhombus_full
          [minmay_the_grid_triangle_9x9_minimal,
          minmay_the_grid_triangle_9x9_empty,
          minmay_the_grid_triangle_9x9_flanged_cone,
          minmay_the_grid_triangle_9x9_thin_v,
          minmay_the_grid_triangle_9x9_fully_insulated_deathbox,
          minmay_the_grid_triangle_9x9_sprig,
          minmay_the_grid_triangle_9x9_alien,
          minmay_the_grid_triangle_9x9_prize_center], layout_loops_ring,
          tgw_sif, due_lair_maze_entry_diamond, nicolae_transmutations_shop
D:9:      layout_rooms, orc_0_dummy, serial_shops, nicolae_stop_n_shop_2,
          uniq_maurice, uniq_erolcha

Skill      XL: |  1  2  3  4  5  6  7  8  9 10 |
---------------+-------------------------------+-----
Axes           | 3 4 5 6 7 9 11 12 | 12.0
Fighting       | 4 5 6 8 10 11 | 11.1
Armour         | 4 5 6 7 9 10 | 10.2
Dodging        | |  0.2
Shields        | |  3.8

Action                   |  1- 3 |  4- 6 |  7- 9 | 10-12 || total
-------------------------+-------+-------+-------+-------++-------
Melee: War axe           |    84 |   165 |   264 |    81 ||   594
Invok: Convert to Beogh  |       |     1 |       |       ||     1
Evoke: Wand              |       |       |     5 |       ||     5
  Use: Potion            |       |     1 |     5 |     3 ||     9
 Stab: Paralysed         |       |       |     5 |       ||     5
Armor: Scale mail        |    34 |       |       |       ||    34
       Plate armour      |       |   116 |   126 |       ||   242
       Leather armour    |       |       |    24 |    33 ||    57
       Skin              |       |       |     2 |       ||     2
Dodge: Dodged            |    43 |    45 |   102 |    34 ||   224
Block: Buckler           |    16 |    36 |    49 |    22 ||   123

Table legend: (Time is in decaauts)
 A = Elapsed time spent in this place.
 B = Non-inter-level travel time spent in this place.
 C = Inter-level travel time spent in this place.
 D = Time resting spent in this place.
 E = Time spent auto-exploring this place.
 F = Levels seen in this place.
 G = Mean time per level.
                   A        B        C        D        E       F      G
               +--------+--------+--------+--------+--------+-----+--------+
         Total |   8365 |   8121 |    244 |    954 |   5323 |   9 |  929.4 |
       Dungeon |   8365 |   8121 |    244 |    954 |   5323 |   9 |  929.4 |
               +--------+--------+--------+--------+--------+-----+--------+

Top non-repeatable levels by time:
     D:7: 1708 daAuts
     D:8: 1175 daAuts
     D:3: 1162 daAuts
     D:5: 1020 daAuts
     D:6: 991 daAuts
     D:4: 956 daAuts
     D:1: 715 daAuts
     D:2: 632 daAuts
     D:9: 4 daAuts
